 Dungeon Crawl Stone Soup version 0.30.0-29-ga12c61a403 (webtiles) character file.

Game seed: 16772542345555056262

478 Fodor the Covered (level 6, -8/53 HPs)
             Began as a Minotaur Fighter on June 25, 2023.
             Was a High Priest of Ignis.
             Splashed by a jelly's acid (10 damage)
             ... in a sewer.
             The game lasted 00:19:02 (4116 turns).

Fodor the Covered (Minotaur Fighter)                Turns: 4116, Time: 00:19:06

Health: -8/53      AC: -3    Str: 23    XL:     6   Next: 85%
Magic:  0/5        EV: 10    Int:  5    God:    Ignis [*****.]
Gold:   179        SH:  0    Dex:  9    Spells: 5/5 levels left

rFire   + . .        G - +0 battleaxe
rCold   . . .        (shield currently unavailable)
rNeg    . . .        b - +0 scale mail
rPois   .            (helmet restricted)
rElec   .            (no cloak)
rCorr   .            (no gloves)
SInv    .            x - +0 pair of boots
Will    .....        o - amulet of guardian spirit Stlth
                     (no ring)
HPRegen 0.28/turn    (no ring)
MPRegen 0.09/turn

%: guardian spirit
@: corroded, very slow
A: horns 2, retaliatory headbutt
a: Renounce Religion, Fiery Armour, Foxfire Swarm, Rising Flame


You were in a sewer.
You worshipped Ignis.
Ignis was extremely pleased with you.
You visited 1 branch of the dungeon, and saw 5 of its levels.
You also visited: Sewer.

You collected 257 gold pieces.
You spent 78 gold pieces at shops.

Inventory:

Hand Weapons
 a - a +0 long sword
 v - a +0 war axe
 z - a +0 sling
 G - a +0 battleaxe (weapon)
Missiles
 g - 4 curare-tipped darts (quivered)
 h - 2 poisoned darts
 s - 3 atropa-tipped darts
Armour
 b - a +0 scale mail (worn)
 c - a +0 buckler
 x - a +0 pair of boots (worn)
Jewellery
 o - an amulet of guardian spirit (around neck)
 w - a ring of wizardry
 C - an amulet of magic regeneration
Scrolls
 e - 3 scrolls of fear
 j - a scroll of acquirement
 l - a scroll of vulnerability
 m - 2 scrolls of teleportation
 p - a scroll of torment
 t - a scroll of noise
 u - a scroll of blinking
Potions
 d - 3 potions of might
 f - 2 potions of curing {unknown}
 i - 2 potions of invisibility {unknown}
 k - 2 potions of mutation {unknown}
 n - 4 potions of heal wounds {unknown}
 q - a potion of resistance {unknown}
 r - a potion of flight {unknown}
 A - a potion of magic {unknown}
 B - a potion of ambrosia {unknown}
 D - a potion of attraction {unknown}
 E - a potion of brilliance {unknown}
 F - a potion of cancellation {unknown}


   Skills:
 + Level 4.7 Fighting
 + Level 3.7 Long Blades
 + Level 4.0 Axes
 + Level 1.6 Throwing
 + Level 5.7 Armour
 + Level 2.0 Dodging
 + Level 0.1 Stealth
 + Level 4.2 Shields


You had 5 spell levels left.
You didn't know any spells.
Your spell library contained the following spells:

 Spells                   Type           Power      Damage    Failure   Level
 Beastly Appendage        Tmut           0%         N/A       77%         1
 Sting                    Tmut/Pois      0%         1d3       77%         1
 Poisonous Vapours        Pois/Air       0%         N/A       88%         2
 Wereblood                Tmut           0%         N/A       88%         2
 Spider Form              Tmut/Pois      0%         N/A       98%         3
 Tukima's Dance           Hex            0%         N/A       98%         3
 Olgreb's Toxic Radiance  Pois           0%         N/A       100%        4
 Passage of Golubria      Tloc           0%         N/A       100%        4
 Yara's Violent Unravell  Hex/Tmut       0%         3d3       100%        5


Dungeon Overview and Level Annotations

Branches:
Dungeon (5/15)              Sewer (1/1)
 Temple: D:4-7

Altars:
Elyvilon
Ignis

Shops:
D:3 ?


Innate Abilities, Weirdness & Mutations

You have a pair of horns on your head.
You reflexively headbutt those who attack you in melee.


Message History

The ball python hisses angrily.
You headbutt the ball python.
You kill the ball python!
A jelly comes into view.
Found a fuming green potion.
The adder bites you but does no damage.
You see here a ball python corpse.
You barely miss the adder. Your headbutt misses the adder. The adder bites you.
You are poisoned.
The adder poisons you! The adder bites you but does no damage.
The ball python misses you. You furiously retaliate!
You headbutt the ball python. The ball python closely misses you.
You slice the adder!!
You kill the adder!
You hit the ball python.
You kill the ball python!
You slash the jelly!
Your hands burn!
You feel sick. The jelly hits you. The acid corrodes you!
You are splashed with acid.
You slash the jelly!
Your hands burn!
The jelly is almost dead.
You hit the jelly.
Your hands burn!
You feel sick. The jelly barely misses you. The jelly closely misses you.
The jelly hits you but does no damage. x2
Your unstable footing causes you to fumble your attack.
You feel sick.
You are no longer poisoned.
The jelly hits you. The acid corrodes you!
You are splashed with acid!
The jelly hits you.
You are splashed with acid!
* * * LOW HITPOINT WARNING * * *
You hit the jelly but do no damage. The acid corrodes you!
Your hands burn!
* * * LOW HITPOINT WARNING * * *
The jelly is almost dead.
You slash the jelly!
You kill the jelly!
The jelly hits you.
* * * LOW HITPOINT WARNING * * *
The acid corrodes you!
You are splashed with acid!
* * * LOW HITPOINT WARNING * * *
The jelly hits you.
* * * LOW HITPOINT WARNING * * *
You are splashed with acid!
You die...

##.~..~..#.~.#
#.~.##.~.##.~~#
##~~##..~~~##..~~~
##~.~##..#...#~~...
#..~~##~~##[##..###
#...###.~~### ~#
#!~..###∩~ ##~~.#
##. ##@~# #†J~#
##~.~# #.... ~.~~~.
###~~. ... !.


You could see a jelly.

Vanquished Creatures
  An ogre (D:5)
  2 scorpions (D:4)
  2 jellies (Sewer)
  A sleepcap (D:5)
  An iguana (D:4)
  8 adders
  A river rat (Sewer)
  3 worms
  2 dart slugs
  5 orcs
  14 endoplasms
  5 giant cockroaches
  8 goblins
  8 hobgoblins
  8 jackals
  6 quokkas
  12 ball pythons
  4 bats
  3 frilled lizards
  7 kobolds
  4 rats
105 creatures vanquished.

Vanquished Creatures (others)
  A quokka (D:4)
1 creature vanquished.

Grand Total: 106 creatures vanquished

Notes
Turn   | Place    | Note
-------+----------+-------------------------------------------
     0 | D:1      | Fodor the Minotaur Fighter began the quest for the Orb.
     0 | D:1      | Reached XP level 1. HP: 19/19 MP: 0/0
   134 | D:1      | Reached skill level 4 in Armour
   134 | D:1      | Reached XP level 2. HP: 20/27 MP: 1/1
   986 | D:1      | Found a faded altar of an unknown god.
   994 | D:1      | Prayed at the altar of an unknown god.
   994 | D:1      | Became a worshipper of Ignis, the Dying Flame
  1155 | D:2      | Reached XP level 3. HP: 33/33 MP: 2/2
  1279 | D:2      | Identified the +1 helmet of the Pits of Slime {-Tele rN++
                  | rCorr Stlth+}
  2052 | D:3      | Reached XP level 4. HP: 40/40 MP: 3/3
  2357 | D:3      | Found Etzyodwe's Magic Scroll Shoppe.
  2398 | D:3      | Bought a scroll of identify for 26 gold pieces
  2398 | D:3      | Bought a scroll of identify for 26 gold pieces
  2398 | D:3      | Bought a scroll of identify for 26 gold pieces
  2866 | D:3      | Reached skill level 1 in Dodging
  2998 | D:4      | Found a white marble altar of Elyvilon.
  3056 | D:4      | Reached skill level 1 in Axes
  3082 | D:4      | Reached XP level 5. HP: 47/47 MP: 4/4
  3444 | D:4      | Reached skill level 5 in Armour
  3600 | D:4      | Reached skill level 1 in Throwing
  3600 | D:4      | Reached XP level 6. HP: 53/53 MP: 3/5
  3715 | D:5      | Entered Level 5 of the Dungeon
  3883 | D:5      | Found a glowing drain.
  3929 | Sewer    | Entered a sewer
  3938 | Sewer    | Identified a scroll of acquirement
  4116 | Sewer    | HP: 2/53 [jelly (3)]
  4116 | Sewer    | Splashed by a jelly's acid

Illustrated notes

Levels and vault maps discovered:
D:1:      heliophobic_arrival_battle_scene, layout_basic,
          chequers_ecumenical_altar_grove, minmay_misc_feat_columns,
          minmay_misc_feat_more_columns
D:2:      layout_rooms, nicolae_concentric_dashed_squares_mild
D:3:      layout_basic, serial_shops, nicolae_diamond_shop
D:4:      minmay_spotlight, layout_cave_pools, elyvilon_altar_4
D:5:      layout_loops_ring, portal_sewer_entry_f, uniq_ijyb
Sewer:    sewer_hellmonk_slimy_pipes

Skill      XL: |  1  2  3  4  5  6 |
---------------+-------------------+-----
Armour         | 4 5 |  5.7
Fighting       | 4 |  4.7
Shields        | 4 |  4.2
Long Blades    | 3 |  3.7
Dodging        | 1 2 |  2.0
Axes           | 1 3 4 |  4.0
Throwing       | 1 |  1.6
Stealth        | |  0.1

Action                     |  1- 3 |  4- 6 || total
---------------------------+-------+-------++-------
  Melee: Long sword        |    99 |     2 ||   101
         Headbutt          |    17 |    20 ||    37
         War axe           |       |    88 ||    88
         Battleaxe         |       |    50 ||    50
  Throw: Dart              |       |    21 ||    21
    Use: Scroll            |       |     7 ||     7
 Armour: Scale mail        |    68 |    78 ||   146
  Dodge: Dodged            |    52 |    82 ||   134
  Block: Buckler           |    23 |    20 ||    43
